SAAA
ATHLETIC CLUB KC RESERVES @ GRYFINDOR BRAVES
06/21/2032
 
TOP OF THE 1ST
Athletic Club KC Reserves batting - Pitching for Gryfindor Braves : LHP Bradley Roth
Pitching: LHP Bradley Roth
Batting: RHB Arturo Annunziato 0-0: Ball
1-0: Ball
2-0: Foul Ball, location: 2F
2-1: Swinging Strike
2-2: Ball
3-2: Foul Ball, location: 2F
3-2: Strikes out swinging
Batting: RHB Tasuku Goto 0-0: Ball
1-0: Foul Ball, location: 2F
1-1: Foul Ball, location: 2F
1-2: Ball
2-2: Ball
3-2: Base on Balls
Batting: RHB Richard Younger 0-0: Foul Ball, location: 2F
0-1: Swinging Strike
0-2: Ball
1-2: Ball
2-2: Ball
3-2: Base on Balls
Tasuku Goto to second
Batting: LHB Ramón Morterero 0-0: Ball
1-0: Ball
2-0: Called Strike
2-1: Swinging Strike
2-2: Strikes out looking
Batting: RHB Roger Caffyn 0-0: Ball
1-0: Ball
2-0: Ball
3-0: Base on Balls
Tasuku Goto to third
Richard Younger to second
Batting: LHB Kwang-chih Feng 0-0: Ball
1-0: Swinging Strike
1-1: Called Strike
1-2: Ball
2-2: Strikes out swinging
Top of the 1st over - 0 runs, 0 hits, 0 errors, 3 left on base; Athletic Club KC 0 - Gryfindor 0
BOTTOM OF THE 1ST
Gryfindor Braves batting - Pitching for Athletic Club KC Reserves : RHP Ismael Calderón
Pitching: RHP Ismael Calderón
Batting: RHB César Ramos 0-0: Called Strike
0-1: Foul Ball, location: 2F
0-2: Strikes out swinging
Batting: RHB Damon Newbold 0-0: Ball
1-0: Ball
2-0: Ball
3-0: Called Strike
3-1: Fly out, F8 (Line Drive, 78D)
Batting: LHB Jesús Lazcano 0-0: Called Strike
0-1: Ball
1-1: Ball
2-1: Foul Ball, location: 2F
2-2: Ball
3-2: Strikes out looking
Bottom of the 1st over - 0 runs, 0 hits, 0 errors, 0 left on base; Athletic Club KC 0 - Gryfindor 0
TOP OF THE 2ND
Athletic Club KC Reserves batting - Pitching for Gryfindor Braves : LHP Bradley Roth
Batting: LHB Manuel Domínguez 0-0: Ball
1-0: Called Strike
1-1: Called Strike
1-2: Ball
2-2: Ball
3-2: Strikes out swinging
Batting: RHB Shintaro Yamada 0-0: Ball
1-0: Called Strike
1-1: Ball
2-1: Foul Ball, location: 2F
2-2: Ball
3-2: Ground out 5-3 (Groundball, 56S)
Batting: RHB Tony Osorio 0-0: Called Strike
0-1: Ball
1-1: Called Strike
1-2: Ball
2-2: Ground out 6-3 (Groundball, 6)
Top of the 2nd over - 0 runs, 0 hits, 0 errors, 0 left on base; Athletic Club KC 0 - Gryfindor 0
BOTTOM OF THE 2ND
Gryfindor Braves batting - Pitching for Athletic Club KC Reserves : RHP Ismael Calderón
Batting: LHB Austin Hathaway 0-0: Called Strike
0-1: Fly out, F9 (Line Drive, 9)
Batting: LHB David Breitling 0-0: Swinging Strike
0-1: Ball
1-1: Swinging Strike
1-2: SINGLE (Flyball, 7S)
Batting: LHB Ignacio Medine 0-0: Swinging Strike
0-1: Grounds into double play, 4-6-3 (Groundball, 4)
Bottom of the 2nd over - 0 runs, 1 hit, 0 errors, 0 left on base; Athletic Club KC 0 - Gryfindor 0
TOP OF THE 3RD
Athletic Club KC Reserves batting - Pitching for Gryfindor Braves : LHP Bradley Roth
Batting: RHB Arturo Annunziato 0-0: Swinging Strike
0-1: Swinging Strike
0-2: Ball
1-2: Ball
2-2: Ball
3-2: Strikes out swinging
Batting: RHB Tasuku Goto 0-0: Ground out 6-3 (Groundball, 6)
Batting: RHB Richard Younger 0-0: Swinging Strike
0-1: Foul Ball, location: 2F
0-2: Ball
1-2: Ball
2-2: Foul Ball, location: 2F
2-2: Ball
3-2: Base on Balls
Batting: LHB Ramón Morterero 0-0: Ball
1-0: Ball
2-0: Called Strike
2-1: Ball
Richard Younger steals 2nd base
3-1: Called Strike
3-2: Strikes out looking
Top of the 3rd over - 0 runs, 0 hits, 0 errors, 1 left on base; Athletic Club KC 0 - Gryfindor 0
BOTTOM OF THE 3RD
Gryfindor Braves batting - Pitching for Athletic Club KC Reserves : RHP Ismael Calderón
Batting: RHB Bob Petiet 0-0: Ball
1-0: Ball
2-0: Called Strike
2-1: SINGLE (Line Drive, 56D)
Batting: LHB Donatas Montiejunas 0-0: Ball
1-0: Ball
2-0: Foul Ball, location: 2F
2-1: Called Strike
2-2: Fly out, F7 (Line Drive, 7D)
Batting: RHB Roy Herring 0-0: Ball
1-0: Grounds into double play, 5-4-3 (Groundball, 5L)
Bottom of the 3rd over - 0 runs, 1 hit, 0 errors, 0 left on base; Athletic Club KC 0 - Gryfindor 0
TOP OF THE 4TH
Athletic Club KC Reserves batting - Pitching for Gryfindor Braves : LHP Bradley Roth
Batting: RHB Roger Caffyn 0-0: Ball
1-0: Called Strike
1-1: Called Strike
1-2: Foul Ball, location: 2F
1-2: Reached on error, E6 (Groundball, 6)
Batting: LHB Kwang-chih Feng 0-0: Ball
1-0: SINGLE (Groundball, 56D)
Roger Caffyn to third
Runner from 3rd tries for Home, SAFE, no throw
Batting: LHB Manuel Domínguez 0-0: Ball
1-0: Swinging Strike
1-1: Called Strike
1-2: Ball
2-2: Strikes out swinging
Batting: RHB Shintaro Yamada 0-0: Ball
1-0: Swinging Strike
1-1: Swinging Strike
1-2: Foul Ball, location: 2F
1-2: Strikes out swinging
Batting: RHB Tony Osorio 0-0: Ball
1-0: Foul Ball, location: 2F
1-1: Ball
2-1: Ground out 5-3 (Groundball, 56S)
Top of the 4th over - 1 run, 1 hit, 1 error, 1 left on base; Athletic Club KC 1 - Gryfindor 0
BOTTOM OF THE 4TH
Gryfindor Braves batting - Pitching for Athletic Club KC Reserves : RHP Ismael Calderón
Batting: RHB César Ramos 0-0: Ball
1-0: Ball
2-0: Called Strike
2-1: Ball
3-1: Base on Balls
Batting: RHB Damon Newbold 0-0: Called Strike
0-1: Ball
1-1: Ball
2-1: Foul Ball, location: 2F
2-2: Fielders Choice at 2nd, 6-4 (Groundball, 6)
Batting: LHB Jesús Lazcano 0-0: Foul Ball, location: 2F
0-1: Ball
1-1: Ball
2-1: Fielders Choice at 2nd, 4-6 (Groundball, 4)
Batting: LHB Austin Hathaway 0-0: Ball
1-0: Foul Ball, location: 2F
1-1: Ball
2-1: Foul Ball, location: 2F
2-2: Foul Ball, location: 2F
2-2: Ball
3-2: Base on Balls
Jesús Lazcano to second
Batting: LHB David Breitling 0-0: Ball
1-0: Fly out, F8 (Flyball, 89D)
Bottom of the 4th over - 0 runs, 0 hits, 0 errors, 2 left on base; Athletic Club KC 1 - Gryfindor 0
TOP OF THE 5TH
Athletic Club KC Reserves batting - Pitching for Gryfindor Braves : LHP Bradley Roth
Batting: RHB Arturo Annunziato 0-0: Fly out, F7 (Flyball, 78M)
Batting: RHB Tasuku Goto 0-0: Ball
1-0: Foul Ball, location: 2F
1-1: Foul Ball, location: 2F
1-2: Ground out 6-3 (Groundball, 6)
Batting: RHB Richard Younger 0-0: Ball
1-0: Called Strike
1-1: Called Strike
1-2: Ball
2-2: Strikes out swinging
Top of the 5th over - 0 runs, 0 hits, 0 errors, 0 left on base; Athletic Club KC 1 - Gryfindor 0
BOTTOM OF THE 5TH
Gryfindor Braves batting - Pitching for Athletic Club KC Reserves : RHP Ismael Calderón
Batting: LHB Ignacio Medine 0-0: Ground out 4-3 (Groundball, 4)
Batting: RHB Bob Petiet 0-0: Ball
1-0: Called Strike
1-1: Foul Ball, location: 2F
1-2: Foul Ball, location: 2F
1-2: Ball
2-2: Ball
3-2: Strikes out looking
Batting: LHB Donatas Montiejunas 0-0: Called Strike
0-1: Ball
1-1: Foul Ball, location: 2F
1-2: Strikes out looking
Bottom of the 5th over - 0 runs, 0 hits, 0 errors, 0 left on base; Athletic Club KC 1 - Gryfindor 0
TOP OF THE 6TH
Athletic Club KC Reserves batting - Pitching for Gryfindor Braves : LHP Bradley Roth
Batting: LHB Ramón Morterero 0-0: Ball
1-0: Ball
2-0: Called Strike
2-1: Ball
3-1: Called Strike
3-2: Base on Balls
Batting: RHB Roger Caffyn 0-0: Ball
1-0: Foul Ball, location: 2F
1-1: Ball
2-1: Foul Ball, location: 2F
2-2: Strikes out swinging
Pitching: RHP Rodrigo Torres
Batting: LHB Kwang-chih Feng 0-0: Ball
1-0: Ground out 4-3 (Groundball, 4M)
Ramón Morterero to second
Batting: LHB Manuel Domínguez 0-0: Fly out, F9 (Flyball, 9)
Top of the 6th over - 0 runs, 0 hits, 0 errors, 1 left on base; Athletic Club KC 1 - Gryfindor 0
BOTTOM OF THE 6TH
Gryfindor Braves batting - Pitching for Athletic Club KC Reserves : RHP Ismael Calderón
Batting: RHB Roy Herring 0-0: Called Strike
0-1: Ball
1-1: Ball
2-1: Ball
3-1: Base on Balls
Batting: RHB César Ramos 0-0: Ball
1-0: Ball
2-0: Swinging Strike
2-1: Grounds into double play, 5-4-3 (Groundball, 56)
Batting: RHB Damon Newbold 0-0: SINGLE (Line Drive, 78S)
Batting: LHB Jesús Lazcano 0-0: Called Strike
0-1: Ball
1-1: SINGLE (Line Drive, 9LS)
Damon Newbold to second
Batting: LHB Austin Hathaway 0-0: Foul Ball, location: 2F
0-1: Swinging Strike
0-2: Ball
1-2: Ball
2-2: Foul Ball, location: 2F
2-2: Fly out, F8 (Flyball, 8RM)
Bottom of the 6th over - 0 runs, 2 hits, 0 errors, 2 left on base; Athletic Club KC 1 - Gryfindor 0
TOP OF THE 7TH
Athletic Club KC Reserves batting - Pitching for Gryfindor Braves : RHP Rodrigo Torres
Batting: RHB Shintaro Yamada 0-0: Foul Ball, location: 2F
0-1: Ball
1-1: Called Strike
1-2: Ball
2-2: Ground out 5-3 (Groundball, 56)
Batting: RHB Tony Osorio 0-0: Ball
1-0: Foul Ball, location: 2F
1-1: Fly out, F8 (Flyball, 78D)
Batting: RHB Arturo Annunziato 0-0: Fly out, F8 (Flyball, 8LM)
Top of the 7th over - 0 runs, 0 hits, 0 errors, 0 left on base; Athletic Club KC 1 - Gryfindor 0
BOTTOM OF THE 7TH
Gryfindor Braves batting - Pitching for Athletic Club KC Reserves : RHP Ismael Calderón
Batting: LHB David Breitling 0-0: Ball
1-0: Called Strike
1-1: SINGLE (Line Drive, 8RS)
Pitching: LHP Daniel Katz
Batting: LHB Ignacio Medine 0-0: Ball
1-0: Fly out, F9 (Flyball, 9LSF)
Batting: RHB Bob Petiet 0-0: Called Strike
0-1: Ball
1-1: SINGLE (Groundball, 56) (infield hit)
David Breitling to second
Pinch Hitting: RHB Ernesto Souza 0-0: Ball
1-0: Foul Ball, location: 2F
1-1: Fly out, F6 (Line Drive, 6)
Batting: RHB Roy Herring 0-0: Called Strike
0-1: Foul Ball, location: 2F
0-2: Ball
1-2: Strikes out swinging
Bottom of the 7th over - 0 runs, 2 hits, 0 errors, 2 left on base; Athletic Club KC 1 - Gryfindor 0
TOP OF THE 8TH
Athletic Club KC Reserves batting - Pitching for Gryfindor Braves : RHP Rodrigo Torres
Now in LF: Ernesto Souza
Batting: RHB Tasuku Goto 0-0: Called Strike
0-1: DOUBLE (Flyball, 8LXD)
Batting: RHB Richard Younger 0-0: Ball
1-0: Foul Ball, location: 2F
1-1: Ball
2-1: Fly out, F8 (Flyball, 8RS)
Batting: LHB Ramón Morterero 0-0: Ball
1-0: Ball
Tasuku Goto is caught stealing 3rd base
2-0: Foul Ball, location: 2F
2-1: Swinging Strike
2-2: Ball
3-2: Foul Ball, location: 2F
3-2: Strikes out swinging
Top of the 8th over - 0 runs, 1 hit, 0 errors, 0 left on base; Athletic Club KC 1 - Gryfindor 0
BOTTOM OF THE 8TH
Gryfindor Braves batting - Pitching for Athletic Club KC Reserves : LHP Daniel Katz
Batting: RHB César Ramos 0-0: Ball
1-0: Called Strike
1-1: Swinging Strike
1-2: Ball
2-2: SINGLE (Line Drive, 7LM)
Batting: RHB Damon Newbold 0-0: Bunt missed!
0-1: Bunted foul
0-2: Ball
1-2: Ground out 5-3 (Groundball, 56S)
César Ramos to second
Batting: LHB Jesús Lazcano 0-0: SINGLE (Groundball, 4D)
César Ramos to third
Runner from 3rd tries for Home, SAFE, no throw
Batting: LHB Austin Hathaway 0-0: Called Strike
0-1: Ball
1-1: Ball
2-1: Foul Ball, location: 2F
2-2: Ground out 4-3 (Groundball, 4S)
Jesús Lazcano to second
Pinch Hitting: RHB Gonzalo Ángel 0-0: Foul Ball, location: 2F
0-1: Ball
1-1: Ball
2-1: Ball
3-1: Base on Balls
Batting: LHB Ignacio Medine 0-0: Ball
1-0: SINGLE (Groundball, 4MD)
Jesús Lazcano to third
Gonzalo Ángel to second
Runner from 3rd tries for Home, SAFE, no throw
Pitching: LHP António Hernández
Batting: RHB Bob Petiet 0-0: Called Strike
0-1: Ball
1-1: Ball
2-1: SINGLE (Line Drive, 78S)
Gonzalo Ángel to third
Ignacio Medine to second
Batting: RHB Ernesto Souza 0-0: SINGLE (Groundball, 56D)
Gonzalo Ángel scores
Ignacio Medine to third
Bob Petiet to second
Runner from 3rd tries for Home, SAFE, no throw
Batting: RHB Roy Herring 0-0: SINGLE (Line Drive, 6MD)
Bob Petiet to third
Ernesto Souza to second
Batting: RHB César Ramos 0-0: Called Strike
0-1: Swinging Strike
0-2: Ball
1-2: Ball
2-2: Ball
3-2: Strikes out swinging
Bottom of the 8th over - 4 runs, 6 hits, 0 errors, 3 left on base; Athletic Club KC 1 - Gryfindor 4
TOP OF THE 9TH
Athletic Club KC Reserves batting - Pitching for Gryfindor Braves : RHP Rodrigo Torres
Pitching: LHP León Vallejo
Now at 1B: Tyler Knopp
Batting: RHB Roger Caffyn 0-0: Ball
1-0: Called Strike
1-1: Swinging Strike
1-2: Foul Ball, location: 2F
1-2: Ball
2-2: Ball
3-2: Strikes out swinging
Batting: LHB Kwang-chih Feng 0-0: Called Strike
0-1: Ball
1-1: Foul Ball, location: 2F
1-2: Ball
2-2: Ball
3-2: Ground out U3 (Groundball, 34S)
Batting: LHB Manuel Domínguez 0-0: Ball
1-0: Called Strike
1-1: Ball
2-1: Ball
3-1: Called Strike
3-2: Foul Ball, location: 2F
3-2: SINGLE (Groundball, 34D)
Batting: RHB Shintaro Yamada 0-0: Swinging Strike
0-1: Called Strike
0-2: Strikes out looking
Top of the 9th over - 0 runs, 1 hit, 0 errors, 1 left on base; Athletic Club KC 1 - Gryfindor 4
Wednesday, September 19th, 2018 - OOTP Baseball 18.8 Build 76